 Dungeon Crawl Stone Soup version 0.19.5 (webtiles) character file.

989 Lizzreth the Carver (level 7, -2/56 HPs)
             Began as a Minotaur Gladiator on Mar 14, 2017.
             Was a Believer of Okawaru.
             Slain by Duvessa
             ... wielding a +0 short sword
              (10 damage)
             ... on level 6 of the Dungeon.
             The game lasted 00:25:04 (4689 turns).

Lizzreth the Carver (Minotaur Gladiator)            Turns: 4689, Time: 00:25:10

Health: -2/56      AC:  3    Str: 19    XL:     7   Next: 98%
Magic:  6/6        EV: 13    Int:  5    God:    Okawaru [**....]
Gold:   274        SH:  0    Dex: 18    Spells: 0 memorised, 6 levels left

rFire  . . .     SeeInvis .     a - +1 long sword
rCold  . . .     Gourm    .     b - +0 leather armour
rNeg   . . .     Faith    .     (no shield)
rPois  .         Spirit   .     c - +0 hat
rElec  .         Reflect  .     (no cloak)
rCorr  .         Harm     .     (no gloves)
MR     .....                    (no boots)
Stlth  +.........               (no amulet)
                                (no ring)
                                x - +5 ring of dexterity

@: very slightly contaminated, hasted, very quick
A: retaliatory headbutt, horns 2
a: Heroism, Renounce Religion


You were on level 6 of the Dungeon.
You worshipped Okawaru.
Okawaru was pleased with you.
You were not hungry.

You visited 1 branch of the dungeon, and saw 6 of its levels.

You collected 274 gold pieces.

Inventory:

Hand Weapons
 a - a +1 long sword (weapon)
Missiles
 d - 4 throwing nets
 s - 4 poisoned javelins (quivered)
Armour
 b - a +0 leather armour (worn)
 c - a +0 hat (worn)
Jewellery
 x - a +5 ring of dexterity (left hand)
Wands
 p - a wand of hasting (3/9)
 q - a wand of enslavement (10/24)
Scrolls
 i - 4 scrolls of identify
 j - 2 scrolls of magic mapping
 k - 2 scrolls of teleportation
 l - 2 scrolls of remove curse
 r - a scroll of fog
Potions
 n - a potion of magic
 o - 3 potions of curing
 u - a potion of heal wounds
 z - 2 potions of lignification
Books
 e - a book of Minor Magic

   Spells                             Type                      Level
   a - Magic Dart                     Conjuration                  1
   b - Blink                          Translocation                2
   c - Call Imp                       Summoning                    2
   d - Repel Missiles                 Charms/Air                   2
   e - Slow                           Hexes                        2
   f - Conjure Flame                  Conjuration/Fire             3
   g - Mephitic Cloud                 Conjuration/Poison/Air       3
 f - a book of Misfortune

   Spells                             Type                      Level
   a - Confusing Touch                Hexes                        1
   b - Confuse                        Hexes                        3
   c - Gell's Gravitas                Hexes/Translocation          3
   d - Petrify                        Transmutation/Earth          4
   e - Metabolic Englaciation         Hexes/Ice                    5
   f - Yara's Violent Unravelling     Hexes/Transmutation          5
Comestibles
 g - 2 meat rations
 h - a chunk of flesh
 m - a beef jerky
 t - 3 fruits
 v - 4 bread rations


   Skills:
 - Level 2.4 Fighting
 + Level 11.4 Long Blades
 - Level 2.0 Throwing
 - Level 3.2 Dodging


You had 6 spell levels left.
You didn't know any spells.

Dungeon Overview and Level Annotations

Branches:
Dungeon (6/15)             Temple (0/1) D:4

Altars:
Okawaru
Qazlal
Ru
Uskayaw
Vehumet
Xom

Annotations:
D:6 Duvessa


Innate Abilities, Weirdness & Mutations

You reflexively headbutt those who attack you in melee.
You have a pair of horns on your head.


Message History

The water moccasin bites you.
You are poisoned.
The water moccasin poisons you!
You hit Duvessa. You headbutt Duvessa, but do no damage.
Duvessa is lightly wounded.
You feel sick. Duvessa hits you with a short sword.
* * * LOW HITPOINT WARNING * * *
The water moccasin bites you.
* * * LOW HITPOINT WARNING * * *
You are more poisoned.
The water moccasin poisons you!
You feel better. The water moccasin barely misses you. You furiously retaliate!
You headbutt the water moccasin. You barely miss Duvessa.
Duvessa is lightly wounded.
The water moccasin bites you.
* * * LOW HITPOINT WARNING * * *
The shadow imp shouts, "Leave, thou yeasty boil-brained tiler!"
Duvessa hits you with a short sword!
You die...

### ..# ###########
#.#
..........#####.#
.......<........###
#########.........#
#######.#.# #.#.#
#.@S# #e5##
######>.# #.5>.)..#
#.####..# #
#.####..#
....##.#.....#
...........<..#
........#.##..#


You could see Duvessa, a water moccasin and a shadow imp.

Vanquished Creatures
  A black bear (D:6)
  3 ogres
  Dowan (D:6)
  A centaur zombie (D:5)
  2 hounds (D:5)
  2 bullfrog skeletons (D:5)
  2 jellies (D:5)
  Terence (D:2)
  2 worker ants (D:5)
  A hound zombie (D:6)
  A hound skeleton (D:5)
  5 gnolls
  10 adders
  A shadow imp (D:5)
  An adder skeleton (D:6)
  3 worms
  3 dart slugs
  4 leopard geckos
  14 orcs
  3 ball pythons
  6 giant cockroaches
  5 goblins
  8 hobgoblins
  7 jackals (D:4)
  11 kobolds
  4 quokkas
  A ball python skeleton (D:4)
  9 bats
  6 frilled lizards
  A leopard gecko skeleton (D:4)
  6 rats
125 creatures vanquished.

Notes
Turn   | Place    | Note
-------+----------+-------------------------------------------
     0 | D:1      | Lizzreth the Minotaur Gladiator began the quest for the Orb.
     0 | D:1      | Reached XP level 1. HP: 18/18 MP: 0/0
   158 | D:1      | Reached skill level 4 in Long Blades
   194 | D:1      | Found an iron altar of Okawaru.
   202 | D:1      | Reached XP level 2. HP: 18/25 MP: 1/1
   206 | D:1      | Became a worshipper of Warmaster Okawaru
   500 | D:1      | Reached skill level 5 in Long Blades
   500 | D:1      | Reached XP level 3. HP: 21/30 MP: 2/2
   945 | D:2      | Noticed Terence
   965 | D:2      | HP: 1/30 [Terence/hand axe (5)]
   967 | D:2      | Killed Terence
   967 | D:2      | Reached skill level 6 in Long Blades
   967 | D:2      | Reached XP level 4. HP: 12/37 MP: 3/3
  1494 | D:2      | Reached XP level 5. HP: 39/42 MP: 4/4
  1736 | D:2      | Reached skill level 7 in Long Blades
  2893 | D:4      | Noticed an ogre
  2905 | D:4      | Killed an ogre
  2905 | D:4      | Reached * piety under Okawaru
  2905 | D:4      | Reached skill level 8 in Long Blades
  2905 | D:4      | Reached XP level 6. HP: 23/50 MP: 5/5
  3071 | D:4      | Found a staircase to the Ecumenical Temple.
  3140 | D:4      | Found a stormy altar of Qazlal.
  3153 | D:4      | Found a shimmering altar of Xom.
  3156 | D:4      | Found a sacrificial altar of Ru.
  3266 | D:4      | Found a hide-covered altar of Uskayaw.
  3592 | D:5      | Entered Level 5 of the Dungeon
  3614 | D:5      | Found a radiant altar of Vehumet.
  3677 | D:5      | Reached skill level 9 in Long Blades
  3819 | D:5      | Reached XP level 7. HP: 39/56 MP: 6/6
  4071 | D:5      | Reached skill level 10 in Long Blades
  4192 | D:5      | Reached ** piety under Okawaru
  4530 | D:5      | Reached skill level 11 in Long Blades
  4644 | D:6      | Noticed Dowan
  4646 | D:6      | Noticed Duvessa
  4655 | D:6      | Killed Dowan
  4689 | D:6      | Slain by Duvessa

Skill      XL: |  1  2  3  4  5  6  7 |
---------------+----------------------+-----
Long Blades    | 4 5 6 8 9 11 | 11.4
Fighting       | |  2.4
Throwing       | |  2.0
Dodging        | |  3.2

Action                   |  1- 3 |  4- 6 |  7- 9 || total
-------------------------+-------+-------+-------++-------
Melee: Long sword        |    64 |   175 |    37 ||   276
       Headbutt          |     6 |    37 |    16 ||    59
Throw: Javelin           |       |       |     2 ||     2
Evoke: Wand              |       |       |     1 ||     1
  Use: Potion            |     2 |     4 |     2 ||     8
       Scroll            |       |     8 |     3 ||    11
 Stab: Sleeping          |       |       |     1 ||     1
  Eat: Bread ration      |       |     1 |       ||     1
       Beef jerky        |       |     1 |       ||     1
       Chunk             |       |     3 |     3 ||     6
Armor: Leather armour    |    25 |    30 |     3 ||    58
Dodge: Dodged            |    58 |   115 |    24 ||   197
       Rpst.: Long sword |    14 |    23 |     7 ||    44
